 Dungeon Crawl Stone Soup version 0.31-a0-112-gdf0485fa37 (webtiles) character file.

Game seed: 12915109354443666751

89 juan097 the Trooper (level 4, 0/38 HPs)
             Began as a Demigod Fighter on May 28, 2023.
             Slain by an adder (3 damage)
             ... on level 2 of the Dungeon.
             The game lasted 00:02:05 (1044 turns).

juan097 the Trooper (Demigod Fighter)               Turns: 1044, Time: 00:02:06

Health: 0/38       AC:  6    Str: 17    XL:     4   Next: 10%
Magic:  6/6        EV:  6    Int: 10    God:
Gold:   40         SH:  5    Dex: 17    Spells: 3/3 levels left

rFire   . . .        a - +0 long sword
rCold   . . .        c - +0 buckler
rNeg    . . .        k - +0 scale mail
rPois   .            (no helmet)
rElec   .            (no cloak)
rCorr   .            (no gloves)
SInv    .            (no boots)
Will    .....        (no amulet)
Stlth   +            (no ring)
HPRegen 0.26/turn    (no ring)
MPRegen 0.10/turn

%: no passive effects
@: mighty, constricted
A: high MP 1, forlorn, divine attributes
a: no special abilities


You were on level 2 of the Dungeon.
You visited 1 branch of the dungeon, and saw 2 of its levels.

You collected 40 gold pieces.

Inventory:

Hand Weapons
 a - a +0 long sword (weapon)
 b - a +0 sling
Missiles
 l - 4 poisoned darts (quivered)
Armour
 c - a +0 buckler (worn)
 j - an orb of mayhem
 k - a +0 scale mail (worn)
Scrolls
 e - a scroll of immolation {unknown}
 f - 2 scrolls of enchant weapon {unknown}
 h - a scroll of enchant armour {unknown}
 i - a scroll of identify {unknown}
Potions
 g - 3 potions of degeneration {unknown}
 m - a potion of curing {unknown}


   Skills:
 * Level 3.4 Fighting
 * Level 2.7 Long Blades
 - Level 3.0 Armour
 + Level 1.1 Stealth
 + Level 3.0 Shields


You had 3 spell levels left.
You didn't know any spells.
Your spell library was empty.

Dungeon Overview and Level Annotations

Branches:
Dungeon (2/15)


Innate Abilities, Weirdness & Mutations

You have an increased reservoir of magic. (+10% MP)
You shall have no god before yourself.
Your divine heritage dramatically boosts your attributes as you level up.


Message History

You are too injured to fight recklessly!
You are too injured to fight recklessly!
You are too injured to fight recklessly!
You are too injured to fight recklessly!
You are too injured to fight recklessly!
You are too injured to fight recklessly!
You are too injured to fight recklessly!
You are too injured to fight recklessly!
You barely miss Terence. Terence closely misses you.
Terence hits you but does no damage.
You feel very mighty all of a sudden. Terence hits you but does no damage.
You closely miss Terence. Terence hits you with a +0 hand axe.
You slash Terence!
Terence is heavily wounded.
Terence hits you with a +0 hand axe.
* * * LOW HITPOINT WARNING * * *
Terence barely misses you.
You hit Terence.
Terence is severely wounded.
Terence hits you with a +0 hand axe.
* * * LOW HITPOINT WARNING * * *
You hit Terence.
Terence is almost dead.
Terence hits you but does no damage.
You slash Terence!
You kill Terence!
The adder bites you but does no damage.
Your Shields skill increases to level 3!
You have reached level 4!
You barely miss the adder. You miss the adder. The adder bites you.
* * * LOW HITPOINT WARNING * * *
The ball python bites you but does no damage.
The ball python grabs you. The ball python constricts you.
* * * LOW HITPOINT WARNING * * *
The adder bites you but does no damage.
You barely miss the adder. You block the ball python's attack.
The ball python constricts you. The adder bites you.
You die...

.... ... #.#.#
#.# ##
..$.......
#.#.#.#)##
........#
#.#.#.#.#.##
$..........#
#.#.#.#S#.#....
....... #@S## #
...... #..#
.... #..# #..#
###.### #..#
#.....###..
#..#
#.....#...#
#..####.......#
#)...##.....###
#.#..##.....#
##


You could see an adder and a ball python.

Vanquished Creatures
  Terence (D:2)
  2 adders (D:2)
  3 worms (D:2)
  A dart slug (D:1)
  4 endoplasms
  3 giant cockroaches
  3 goblins
  2 hobgoblins
  A quokka (D:1)
  4 ball pythons
  2 bats
  3 frilled lizards
  4 kobolds
  4 rats
37 creatures vanquished.

Notes
Turn   | Place    | Note
-------+----------+-------------------------------------------
     0 | D:1      | juan097 the Demigod Fighter began the quest for the Orb.
     0 | D:1      | Reached XP level 1. HP: 18/18 MP: 3/3
   187 | D:1      | Reached XP level 2. HP: 25/25 MP: 4/4
   596 | D:2      | Reached XP level 3. HP: 28/31 MP: 5/5
   853 | D:2      | Reached skill level 1 in Stealth
  1021 | D:2      | Noticed Terence
  1041 | D:2      | Killed Terence
  1042 | D:2      | Reached XP level 4. HP: 4/38 MP: 6/6
  1044 | D:2      | Slain by an adder

Illustrated notes

Levels and vault maps discovered:
D:1:      eino_arrival_water_cross, layout_rooms, st_stairs_11
D:2:      layout_rooms, hellmonk_ecumenical_altar_pennies_from_heaven,
          basic_altar, st_stairs_10, uniq_terence, uniq_crazy_yiuf_cottage

Skill      XL: |  1  2  3 |
---------------+----------+-----
Long Blades    | 2 |  2.7
Fighting       | 3 |  3.4
Armour         | 3 |  3.0
Stealth        | 1 |  1.1
Shields        | 3 |  3.0

Action                     |  1- 3 |  4- 6 || total
---------------------------+-------+-------++-------
  Melee: Long sword        |   127 |     3 ||   130
   Fire: Sling             |    17 |       ||    17
    Use: Potion            |     1 |       ||     1
 Armour: Scale mail        |    50 |     2 ||    52
  Dodge: Dodged            |    61 |       ||    61
  Block: Buckler           |    29 |     1 ||    30

Table legend: (Time is in decaauts)
 A = Elapsed time spent in this place.
 B = Non-inter-level travel time spent in this place.
 C = Inter-level travel time spent in this place.
 D = Time resting spent in this place.
 E = Time spent auto-exploring this place.
 F = Levels seen in this place.
 G = Mean time per level.
                   A        B        C        D        E       F      G
               +--------+--------+--------+--------+--------+-----+--------+
         Total |   1090 |   1032 |     58 |      0 |    712 |   2 |  545.0 |
       Dungeon |   1090 |   1032 |     58 |      0 |    712 |   2 |  545.0 |
               +--------+--------+--------+--------+--------+-----+--------+

Top non-repeatable levels by time:
     D:2: 559 daAuts
     D:1: 531 daAuts
